 Dungeon Crawl Stone Soup version 0.21.1-1-g345015f (webtiles) character file.

233 shakethe the Magician (level 5, -2/28 HPs)
             Began as a Deep Elf Fire Elementalist on Feb 8, 2018.
             Killed by nerve-wracking pain
             ... invoked by an orc priest
              (6 damage)
             ... on level 3 of the Dungeon.
             The game lasted 00:09:04 (2384 turns).

shakethe the Magician (Deep Elf Fire Elementalist)  Turns: 2384, Time: 00:09:05

Health: -2/28      AC:  2    Str:  5    XL:     5   Next: 74%
Magic:  3/14       EV: 13    Int: 21    God:
Gold:   144        SH:  0    Dex: 15    Spells: 6/14 levels left

rFire    . . .     SeeInvis .   e - +0 dagger
rCold    . . .     Gourm    .   (no shield)
rNeg     . . .     Faith    .   a - +0 robe
rPois    .         Spirit   .   (no helmet)
rElec    .         Reflect  .   (no cloak)
rCorr    .         Harm     .   (no gloves)
MR       .....                  (no boots)
Stlth    ++........             (no amulet)
HPRegen  0.09/turn              (no ring)
MPRegen  0.14/turn              (no ring)

@: no status effects
A: no striking features
a: no special abilities


You were on level 3 of the Dungeon.
You were not hungry.

You visited 1 branch of the dungeon, and saw 3 of its levels.

You collected 144 gold pieces.

Inventory:

Hand Weapons
 e - a +0 dagger (weapon)
   (You took it off a kobold on level 1 of the Dungeon)
Missiles
 k - 8 curare-tipped needles
Armour
 a - a +0 robe (worn)
Wands
 j - a wand of flame (17)
   (You found it on level 3 of the Dungeon)
Scrolls
 d - a scroll of amnesia {unknown}
 f - a scroll of immolation {unknown}
 l - a scroll of enchant weapon {unknown}
 m - a scroll of teleportation {unknown}
 n - a scroll of random uselessness {unknown}
 o - 2 scrolls of identify {unknown}
 q - a scroll of blinking {unknown}
Potions
 g - a potion of magic {unknown}
 h - 2 potions of curing {unknown}
 p - a potion of agility {unknown}
Books
 b - a book of Flames
Comestibles
 c - 6 rations
 i - 2 chunks of flesh {@w0}


   Skills:
 - Level 2.4 Dodging
 - Level 2.4 Stealth
 + Level 5.2 Spellcasting
 + Level 3.4 Conjurations
 + Level 5.1 Fire Magic


You had 6 spell levels left.
You knew the following spells:

 Your Spells              Type           Power        Failure   Level  Hunger
a - Flame Tongue          Conj/Fire      ###..        1%          1    None
c - Conjure Flame         Conj/Fire      ###.....     5%          3    ##.....
s - Sticky Flame          Conj/Fire      ###.....     19%         4    ####...


Dungeon Overview and Level Annotations

Branches:
Dungeon (3/15)

Altars:
The Shining One


Message History

Aim: a leopard gecko (severely wounded)
The flame tongue hits the leopard gecko.
You kill the leopard gecko!
You now have 9/14 mp.
You see here a leopard gecko corpse.
You butcher the leopard gecko corpse.
i - 2 chunks of flesh {@w0} You see here a leopard gecko skeleton.
You now have 117 gold pieces (gained 5).
You now have 131 gold pieces (gained 14).
You now have 136 gold pieces (gained 5).
j - a wand of flame (17)
You regained 3 mp, and now have 13/14 mp.
Found a stone staircase leading down.
MP restored: 14
o - 2 scrolls labeled UJIECE KUUSAGU (gained 1)
There is an escape hatch in the ceiling here.
h - 2 blue potions (gained 1)
A quokka comes into view.
A quokka is nearby!
An orc comes into view. It is wielding a hand axe.
Aim: a quokka (resting)
The flame tongue hits the quokka.
You kill the quokka!
You now have 13/14 mp.
You can't see any susceptible monsters within range! (Use Z to cast anyway.)
An orc comes into view. It is wielding a mace.
An orc wizard comes into view. It is wielding a dagger.
You now have 144 gold pieces (gained 8).
MP restored: 14 The orc shouts!
You hear a shout!
Aim: an orc, wielding a hand axe and wearing a leather armour The flame tongue hits the orc.
You kill the orc!
You now have 13/14 mp.
Aim: an orc, wielding a mace and wearing a ring mail The flame tongue hits the orc.
You now have 12/14 mp.
Aim: an orc, wielding a mace and wearing a ring mail (lightly wounded)
The flame tongue hits the orc.
The orc misses you.
You now have 11/14 mp.
Aim: an orc, wielding a mace and wearing a ring mail (moderately wounded)
The sticky flame hits the orc.
You kill the orc!
You now have 7/14 mp.
The orc wizard hits you with a dagger.
You take 1 damage, and have 27/28 hp.
Aim: an orc wizard, wielding a dagger and wearing a robe The flame tongue hits the orc wizard.
The orc wizard barely misses you.
An orc priest comes into view. It is wielding a short sword.
You now have 7/14 mp.
Aim: an orc wizard, wielding a dagger and wearing a robe (lightly wounded)
The sticky flame hits the orc wizard.
The orc wizard is covered in liquid flames!
The orc wizard burns!
The orc wizard points at you and mumbles some strange words.
The magic dart hits you!
You take 9 damage, and have 18/28 hp.
MASSIVE DAMAGE!!
You now have 3/14 mp.
The orc wizard burns!
You kill the orc wizard!
Unknown command.
That item cannot be evoked!
The orc priest looks encouraged for a moment.
That item cannot be evoked!
Unknown command.
You see here a quarterstaff.
The orc priest barely misses you.
Aim: an orc priest, wielding a short sword The sticky flame hits the orc priest.
The orc priest is covered in liquid flames!
The orc priest burns!
The orc priest hits you with a short sword!
You take 8 damage, and have 12/28 hp.
MASSIVE DAMAGE!!
You now have 1/14 mp.
The orc priest burns!
The orc priest burns!
The orc priest stops burning.
The orc priest mumbles some strange prayers to Beogh against you.
Beogh smites you!
* * * LOW HITPOINT WARNING * * *
Things that are here:
a +0 whip; a short sword You take 9 damage, and have 3/28 hp.
MASSIVE DAMAGE!!
That item cannot be evoked!
What are your orders? t - Shout!
Orders for allies: a - Attack new target. p - Attack previous target. r - Retreat! s - Stop attacking. g - Guard the area. f - Follow me.
Anything else - Cancel.
Okay, then.
Unknown command.
Things that are here:
a +0 whip; a short sword The orc priest invokes the aid of Beogh against you.
Pain shoots through your body!
You die...

#.#.# #.# #.# #......... #...#
#.# #o# #.#.###... ###.# #.# #.#
#....##... #.# #.# #.###.........
###.######.#####.##.........#
#...##.......)...#........รท..
#>#.##.##..#.###.##.........#
#.#<##.##(.#o# #.###.......#. #
#........#@###.####.....(##
#...........................)....
####.#.###.###.#.###.......#.....
#. ## .....)...# ##########.... #
########### ##### # .


You could see an orc priest.

Vanquished Creatures
  A hound (D:3)
  An orc wizard (D:3)
  Natasha (D:3)
  Terence (D:3)
  A gnoll (D:1)
  5 adders
  An ooze (D:2)
  A worm (D:2)
  A dart slug (D:2)
  3 leopard geckos
  2 orcs (D:3)
  A ball python (D:1)
  A giant cockroach (D:1)
  5 goblins
  8 hobgoblins
  7 kobolds
  2 quokkas
  6 bats
  3 frilled lizards
  A quokka skeleton (D:3)
  7 rats
59 creatures vanquished.

Notes
Turn   | Place    | Note
-------+----------+-------------------------------------------
     0 | D:1      | shakethe the Deep Elf Fire Elementalist began the quest for the Orb.
     0 | D:1      | Reached XP level 1. HP: 10/10 MP: 6/6
   178 | D:1      | Reached XP level 2. HP: 15/15 MP: 2/8
   295 | D:1      | Reached skill level 4 in Fire Magic
   380 | D:1      | Reached XP level 3. HP: 19/19 MP: 8/10
   572 | D:1      | Learned a level 3 spell: Conjure Flame
  1016 | D:2      | Reached skill level 2 in Conjurations
  1175 | D:2      | Reached skill level 4 in Spellcasting
  1473 | D:2      | Reached XP level 4. HP: 24/24 MP: 10/12
  1589 | D:2      | Learned a level 4 spell: Sticky Flame
  1690 | D:2      | Found a glowing golden altar of the Shining One.
  1896 | D:3      | Reached XP level 5. HP: 21/28 MP: 4/13
  1997 | D:3      | Noticed Natasha
  2011 | D:3      | Killed Natasha
  2011 | D:3      | Reached skill level 3 in Conjurations
  2154 | D:3      | Noticed Terence
  2166 | D:3      | Killed Terence
  2166 | D:3      | Reached skill level 5 in Spellcasting
  2166 | D:3      | Reached skill level 5 in Fire Magic
  2374 | D:3      | HP: 3/28 [orc priest/divine providence (9)]
  2384 | D:3      | Killed from afar by an orc priest

Skill      XL: |  1  2  3  4  5 |
---------------+----------------+-----
Fire Magic     | 4 5 |  5.1
Conjurations   | 2 3 |  3.4
Spellcasting   | 4 5 |  5.2
Dodging        | |  2.4
Stealth        | |  2.4

Action                   |  1- 3 |  4- 6 || total
-------------------------+-------+-------++-------
 Cast: Flame Tongue      |    63 |    42 ||   105
       Sticky Flame      |       |     7 ||     7
  Eat: Chunk             |     1 |     4 ||     5
Armor: Robe              |     6 |     1 ||     7
Dodge: Dodged            |    12 |    16 ||    28

Vault maps used:
D:1:      dpeg_arrival_radiant, minmay_pentomino_o4
D:2:      tso_metal_star
D:3:      hangedman_ru_absence, uniq_ijyb, uniq_natasha, uniq_terence

Table legend:
 A = Turns spent in this place as a percentage of turns spent in the entire game.
 B = Non-inter-level travel turns spent in this place as a percentage of non-inter-level travel turns spent in the entire game.
 C = Inter-level travel turns spent in this place as a percentage of turns spent in this place.
 D = Turns resting spent in this place as a percentage of non-inter-level travel turns spent in this place.
 E = Turns spent auto-exploring this place as a percentage of non-inter-level travel turns spent in this place.
 F = Non-inter-level travel turns spent in this place divided by the number of levels of this place that you've seen.
                   A       B       C       D       E      F
               +-------+-------+-------+-------+-------+----------------------
         Total | 100.0 | 100.0 |   0.0 |  34.1 |  45.4 | 794.7
       Dungeon | 100.0 | 100.0 |   0.0 |  34.1 |  45.4 | 794.7
               +-------+-------+-------+-------+-------+----------------------

Table legend:
 A = Kills in this place as a percentage of kills in entire the game.
 B = Kills by you in this place as a percentage of kills by you in the entire game.
 C = Kills by friends in this place as a percentage of kills by friends in the entire game.
 D = Other kills in this place as a percentage of other kills in the entire game.
 E = Experience gained in this place as a percentage of experience gained in the entire game.
 F = Experience gained in this place divided by the number of levels of this place that you have seen.
                   A       B       C       D       E      F
               +-------+-------+-------+-------+-------+----------------------
         Total | 100.0 | 100.0 |   N/A |   N/A | 100.0 | 111.0
       Dungeon | 100.0 | 100.0 |   N/A |   N/A | 100.0 | 111.0
               +-------+-------+-------+-------+-------+----------------------
